 Dungeon Crawl Stone Soup version 0.31.0-11-ge490571c62 (webtiles) character file.

Game seed: 7502871501285209182

485 RancidPinata the Covert (level 7, 0/49 HPs)
             Began as an Octopode Delver on Feb 10, 2024.
             Killed from afar by an orc wizard (12 damage)
             ... with a puff of flame
             ... on level 4 of the Dungeon.
             The game lasted 00:13:46 (3736 turns).

RancidPinata the Covert (Octopode Delver)           Turns: 3736, Time: 00:13:46

Health: 0/49       AC:  1    Str: 12    XL:     7   Next: 13%
Magic:  7/7        EV: 14    Int: 12    God:
Gold:   253        SH:  0    Dex: 15    Spells: 6/6 levels left

rFire   . . .        o - +0 dagger (venom)
rCold   . . .        (no shield)
rNeg    . . .        i - +0 hat
rPois   .            (no amulet)
rElec   .            p - ring of resist corrosion
rCorr   +            (no ring)
SInv    .            (no ring)
Will    .....        (no ring)
Stlth   +++++        (no ring)
HPRegen 0.28/turn    (no ring)
MPRegen 0.10/turn    (no ring)
                     (no ring)

%: no passive effects
@: no status effects
A: almost no armour, amphibious, 8 rings, camouflage 1, gelatinous body 1,
(nimble swimmer 1), tentacles
a: no special abilities


You were on level 4 of the Dungeon.
You visited 1 branch of the dungeon, and saw 6 of its levels.

You collected 253 gold pieces.

Inventory:

Hand Weapons
 a - a +0 short sword
 o - a +0 dagger of venom (weapon)
Missiles
 h - 9 boomerangs (quivered)
 l - 42 stones
Armour
 i - a +0 hat (worn)
Jewellery
 p - a ring of resist corrosion (left tentacle)
Wands
 f - a wand of digging (3)
Scrolls
 b - a scroll of fog
 c - a scroll of revelation
 d - a scroll of fear
 g - a scroll of identify
 j - a scroll of immolation {unknown}
 k - a scroll of torment {unknown}
 n - 6 scrolls of teleportation
 q - a scroll of amnesia {unknown}
Potions
 e - a potion of haste
 m - a potion of heal wounds


   Skills:
 * Level 4.9 Fighting
 + Level 3.3 Short Blades
 * Level 4.2 Dodging
 * Level 8.6 Stealth


You had 6 spell levels left.
You didn't know any spells.
Your spell library contained the following spells:

 Spells                   Type           Power      Damage    Failure   Level
 Freeze                   Ice            0%         1d3       32%         1
 Sting                    Conj/Alch      0%         1d3       32%         1
 Mercury Vapours          Alch/Air       0%         N/A       45%         2
 Call Canine Familiar     Summ           0%         N/A       69%         3
 Frozen Ramparts          Ice            0%         1d1       69%         3
 Hailstorm                Conj/Ice       0%         3d5       69%         3
 Sigil of Binding         Hex            0%         N/A       69%         3
 Dimensional Bullseye     Hex/Tloc       0%         N/A       97%         4
 Olgreb's Toxic Radiance  Alch           0%         N/A       97%         4


Dungeon Overview and Level Annotations

Branches:
Dungeon (6/15)
 Temple: D:4-7

Altars:
Gozag

Annotations:
D:2 1 runed translucent door, Crazy Yiuf
D:5 2 transporters, bayes525's ghost, amateur SpHs


Innate Abilities, Weirdness & Mutations

You cannot wear most types of armour.
You are amphibious.
You can wear up to eight rings at the same time.
Your skin changes colour to match your surroundings (Stealth+).
Your rubbery body absorbs attacks. (AC +1, EV +1)
((You are camouflaged when in or above water. (Stealth+)))
You have tentacles for arms and can constrict up to eight enemies at once.


Message History

There are monsters nearby!
The orc priest invokes the aid of Beogh against you.
Beogh smites you! The orc attacks as it pursues you!
The orc hits you with a +0 flail. The orc priest completely misses you.
You hit the orc priest.
The orc priest is poisoned.
You grab the orc priest. You squeeze the orc priest!
The orc priest is severely wounded.
You constrict the orc priest.
An orc wizard comes into view. It is wielding a +0 dagger.
The orc barely misses you.
The orc priest calls down the wrath of Beogh upon you.
Pain shoots through your body!
You barely miss the orc priest.
The orc priest is almost dead.
You constrict the orc priest. The orc misses you.
The orc priest barely misses you.
You completely miss the orc priest.
You squeeze the orc priest, but do no damage.
The orc priest is almost dead.
You constrict the orc priest.
You kill the orc priest!
The orc hits you with a +0 flail.
You hit the orc.
The orc is poisoned.
You grab the orc.
The orc is heavily wounded.
You constrict the orc, but do no damage.
The orc wizard points at you and mumbles some strange words.
The magic dart hits you.
* * * LOW HITPOINT WARNING * * *
The orc barely misses you.
You hit the orc but do no damage.
The orc looks even sicker.
The orc is heavily wounded.
You constrict the orc, but do no damage.
You hit the orc but do no damage.
The orc looks as sick as possible!
The orc is heavily wounded.
You constrict the orc.
You kill the orc!
The orc wizard points at you and mumbles some strange words.
The puff of flame hits you!
You die...

...#...##.....#...#
#............#..##
###......o...#..#
.'.........o.....#
.####>.###.##.#.##
..#####$# #....#.#
#.....#.########)####
#.....#.#......o....#
......#.#.._.###@##.###
....MZ#.#.....).......#
......#.#.##..##.##.#.#
......#.#.###.##.##.#.#
..............##.##.#.#
##...########.##.##.#.#
####g# #.##.##.#.# #.#
#.##.##.#.#
#.#######.##.##.#.###


You could see an orc wizard.

Vanquished Creatures
  Menkaure (D:4)
  A bullfrog zombie (D:4)
  A hound (D:4)
  An orc priest (D:4)
  Natasha (thrice) (D:3)
  A hound skeleton (D:4)
  3 gnolls (D:3)
  7 adders
  An adder zombie (D:4)
  A dart slug (D:2)
  9 orcs
  8 endoplasms
  3 giant cockroaches
  7 goblins
  8 hobgoblins
  5 jackals
  5 kobolds
  A quokka (D:3)
  6 ball pythons
  4 bats
  2 frilled lizards
  5 rats
83 creatures vanquished.

Notes
Turn   | Place    | Note
-------+----------+-------------------------------------------
     0 | D:5      | RancidPinata the Octopode Delver began the quest for the
                  | Orb.
     0 | D:5      | Reached XP level 1. HP: 16/16 MP: 1/1
     1 | D:6      | Noticed a jelly
    50 | D:5      | Found a transporter.
    51 | D:5      | Noticed bayes525's ghost (amateur SpHs)
    53 | D:5      | Found a transporter.
    54 | D:5      | Noticed an ice beast
    83 | D:5      | Noticed a two-headed ogre
   126 | D:5      | Reached XP level 2. HP: 21/21 MP: 2/2
   468 | D:4      | Reached skill level 7 in Stealth
   468 | D:4      | Reached XP level 3. HP: 22/26 MP: 3/3
   521 | D:4      | Found an opulent altar of Gozag.
   530 | D:4      | Reached XP level 4. HP: 31/31 MP: 4/4
   562 | D:4      | Noticed Menkaure
   624 | D:3      | Noticed Natasha
   634 | D:3      | Killed Natasha
   763 | D:3      | Noticed Natasha
   772 | D:3      | Killed Natasha
   773 | D:3      | Reached XP level 5. HP: 23/37 MP: 5/5
   817 | D:3      | Noticed Natasha
   826 | D:3      | Killed Natasha
  1243 | D:3      | Reached XP level 6. HP: 43/43 MP: 6/6
  1599 | D:2      | Reached skill level 8 in Stealth
  1708 | D:2      | Found a runed translucent door.
  1709 | D:2      | Noticed Crazy Yiuf
  2875 | D:1      | Found a faded altar of an unknown god.
  3565 | D:4      | Killed Menkaure
  3566 | D:4      | Reached XP level 7. HP: 49/49 MP: 7/7
  3736 | D:4      | Killed from afar by an orc wizard

Illustrated notes

Levels and vault maps discovered:
D:1:      saegor_arrival_miasma, layout_basic,
          shapermc_ecumenical_altar_acropolis
D:2:      layout_loops_corners, minmay_pentomino_q4, uniq_crazy_yiuf_cottage
D:3:      layout_rooms, nicolae_half_adder, uniq_natasha
D:4:      layout_basic, nicolae_gozag_seed_capital,
          minmay_temple_entry_offerings, serial_undead, serial_undead_c,
          serial_undead_a, serial_undead_d, serial_undead_a,
          chequers_serial_rivers_room_b, uniq_sigmund, uniq_pikel, uniq_menkaure
D:5:      layout_loops_ring, nicolae_ashenzari_skybound, lemuel_tele_altar,
          gammafunk_ghost_arena
D:6:      layout_rooms, uniq_eustachio, uniq_edmund

Skill      XL: |  1  2  3  4  5  6 |
---------------+-------------------+-----
Stealth        | 7 8 |  8.6
Dodging        | 3 4 |  4.2
Fighting       | 4 |  4.9
Short Blades   | 3 |  3.3

Action                     |  1- 3 |  4- 6 |  7- 9 || total
---------------------------+-------+-------+-------++-------
  Melee: Short sword       |    27 |    52 |       ||    79
         Tentacles         |     8 |    32 |     3 ||    43
         Constrict         |     6 |    31 |     4 ||    41
         Punch             |       |     6 |     1 ||     7
         Dagger            |       |    85 |    14 ||    99
    Use: Scroll            |       |     2 |       ||     2
   Stab: Sleeping          |     4 |    19 |       ||    23
         Distracted        |     1 |     1 |       ||     2
 Armour: Skin              |    10 |    47 |     6 ||    63
  Dodge: Dodged            |     9 |    74 |     9 ||    92
